 Dungeon Crawl Stone Soup version 0.31.0-12-g77e489cdc1 (webtiles) character file.

Game seed: 3130752810932476967

1523 PaiMei the Purveyor of Pain (level 8, -11/61 HPs)
             Began as a Demonspawn Necromancer on Feb 20, 2024.
             Was an Initiate of Kikubaaqudgha.
             Killed from afar by a white imp (12 damage)
             ... with a puff of frost
             ... on level 6 of the Dungeon.
             The game lasted 00:09:31 (6738 turns).

PaiMei the Purveyor of Pain (DsNe)                  Turns: 6738, Time: 00:09:32

Health: -11/61     AC:  7    Str: 15    XL:     8   Next: 54%
Magic:  0/15       EV: 14    Int: 21    God:    Kikubaaqudgha [......]
Gold:   172        SH:  0    Dex: 13    Spells: 9/17 levels left

rFire   . . .        o - +2 dagger (speed)
rCold   . . .        (no shield)
rNeg    . . .        a - +0 robe
rPois   .            h - +1 helmet {Int+3}
rElec   .            k - +0 cloak
rCorr   .            (no gloves)
SInv    .            (no boots)
Will    .....        (no amulet)
Stlth   ++           A - +6 ring of strength
HPRegen 0.30/turn    (no ring)
MPRegen 0.28/turn

%: guardian spirit
@: no status effects
A: claws 2, slimy green scales 1, magic shield, magic regeneration
a: Renounce Religion


You were on level 6 of the Dungeon.
You worshipped Kikubaaqudgha.
Kikubaaqudgha was noncommittal.
You visited 2 branches of the dungeon, and saw 7 of its levels.

You collected 172 gold pieces.

Inventory:

Hand Weapons
 o - a +2 dagger of speed (weapon)
Missiles
 d - 20 poisoned darts (quivered)
 n - 5 atropa-tipped darts
 w - 4 curare-tipped darts
Armour
 a - a +0 robe (worn)
 h - a +1 helmet of intelligence (worn)
 k - a +0 cloak (worn)
 m - a scarf of harm
Jewellery
 q - an amulet of guardian spirit
 A - a +6 ring of strength (left claw)
Wands
 c - a wand of mindburst (12)
Scrolls
 e - 5 scrolls of enchant weapon {unknown}
 i - 2 scrolls of blinking {unknown}
 l - a scroll of amnesia {unknown}
 v - 3 scrolls of teleportation {unknown}
 y - 2 scrolls of butterflies {unknown}
 B - a scroll of enchant armour {unknown}
 C - 2 scrolls of fog {unknown}
Potions
 b - a potion of magic
 f - a potion of degeneration {unknown}
 g - a potion of lignification {unknown}
 j - 5 potions of haste {unknown}
 p - a potion of ambrosia {unknown}
 r - 2 potions of attraction {unknown}
 s - 2 potions of curing {unknown}
 t - a potion of brilliance {unknown}
 u - a potion of might {unknown}
 x - a potion of heal wounds {unknown}
 z - a potion of invisibility {unknown}


   Skills:
 + Level 4.5 Fighting
 + Level 5.1 Dodging
 - Level 3.0 Stealth
 + Level 5.2 Spellcasting
 + Level 7.3 Necromancy


You had 9 spell levels left.
You knew the following spells:

 Your Spells              Type           Power      Damage    Failure   Level
a - Necrotise             Necr           100%       1d9       1%          1
b - Vampiric Draining     Necr           36%        2d8       1%          3
c - Animate Dead          Necr           36%        N/A       4%          4

Your spell library contained the following spells:

 Spells                   Type           Power      Damage    Failure   Level
 Apportation              Tloc           10%        N/A       11%         1
 Curse of Agony           Necr           36%        N/A       14%         5
 Jinxbite                 Hex            10%        N/A       16%         2
 Alistair's Intoxication  Alch           3%         N/A       96%         5


Dungeon Overview and Level Annotations

Branches:
Dungeon (6/15)             Temple (1/1) D:6

Altars:
Ashenzari
Cheibriados
Fedhas
Gozag
Kikubaaqudgha
Makhleb
Nemelex Xobeh
Ru
Sif Muna
Trog
Uskayaw
Vehumet
Wu Jian

Shops:
D:6 *[:

Annotations:
D:4 Dowan


Innate Abilities, Weirdness & Mutations

You have very sharp fingernails.
You are partially covered in slimy green scales. (AC +2)
When hurt, damage is shared between your health and your magic reserves.
You regenerate magic rapidly.


Message History

Casting: Vampiric Draining (safe; 1% risk of failure)
Confirm with . or Enter, or press ? or * to list all spells.
You don't have enough magic to cast this spell.
Casting: Vampiric Draining (safe; 1% risk of failure)
Confirm with . or Enter, or press ? or * to list all spells.
You don't have enough magic to cast this spell.
Casting: Vampiric Draining (safe; 1% risk of failure)
Confirm with . or Enter, or press ? or * to list all spells.
You don't have enough magic to cast this spell.
Casting: Vampiric Draining (safe; 1% risk of failure)
Confirm with . or Enter, or press ? or * to list all spells.
You don't have enough magic to cast this spell.
Casting: Vampiric Draining (safe; 1% risk of failure)
Confirm with . or Enter, or press ? or * to list all spells.
You don't have enough magic to cast this spell.
The bullfrog hits you but does no damage.
You closely miss the bullfrog.
The bullfrog is severely wounded.
The bullfrog swells and bulges.
The bullfrog hits you but does no damage.
You closely miss the bullfrog.
The bullfrog is severely wounded.
The bullfrog barely misses you.
You hit the bullfrog.
The bullfrog is almost dead.
The bullfrog hits you.
* * * LOW HITPOINT WARNING * * *
Casting: Vampiric Draining (safe; 1% risk of failure)
Confirm with . or Enter, or press ? or * to list all spells.
You don't have enough magic to cast this spell.
You hit the bullfrog.
You kill the bullfrog!
Kikubaaqudgha accepts your kill. The white imp gestures at you.
The puff of frost hits you!
* * * LOW HITPOINT WARNING * * *
The white imp gestures at you. The puff of frost hits you!
You die...
Kikubaaqudgha rasps: "You have failed me!
Welcome... death!"

.. ... .### + . ... ....
.# . .###.# ..# . .. ##..
#....# ..#.##.#.
...#.#.##.#.#####.#?.....
##.#.#.##.#.(........#
.....#.##.#######.##.#.#
.......##.......@5.....#
.#...............#.#.##..
.#####.###.####..#.# #
.......# #.# ...#.#
.#####.# #.# ##..#.# .#
#.# #.# #..#.# .# #.. ..#
#..#.# .# ..).... ...# .#
####### #..#


You could see a white imp.

Vanquished Creatures
  Duvessa (D:4)
  2 black bears
  3 ogres
  A phantom (D:5)
  A bullfrog (D:6)
  2 scorpions
  6 jellies
  2 hounds
  3 orc priests
  3 sleepcaps
  Natasha (thrice) (D:3)
  An orc wizard (D:4)
  3 iguanas
  4 adders
  A shadow imp (D:6)
  A white imp (D:5)
  4 ufetubi (D:6)
  2 dart slugs
  18 orcs
  7 endoplasms
  3 goblins
  6 hobgoblins
  5 kobolds
  2 quokkas (D:3)
  6 ball pythons
  7 bats
  3 frilled lizards
  A goblin zombie (D:6)
  A hobgoblin zombie (D:6)
  An orc zombie (D:6)
  2 rats (D:2)
105 creatures vanquished.

Vanquished Creatures (collateral kills)
  An orc (D:6)
1 creature vanquished.

Grand Total: 106 creatures vanquished

Notes
Turn   | Place    | Note
-------+----------+-------------------------------------------
     0 | D:1      | PaiMei the Demonspawn Necromancer began the quest for the
                  | Orb.
     0 | D:1      | Reached XP level 1. HP: 13/13 MP: 3/3
   307 | D:1      | Gained mutation: You regenerate magic rapidly. [demonic
                  | ancestry]
   307 | D:1      | Reached XP level 2. HP: 19/19 MP: 0/5
  1117 | D:2      | Gained mutation: You are partially covered in slimy green
                  | scales. (AC +2) [demonic ancestry]
  1117 | D:2      | Reached XP level 3. HP: 24/24 MP: 2/6
  1933 | D:3      | Gained mutation: When hurt, damage is shared between your
                  | health and your magic reserves. [demonic ancestry]
  1933 | D:3      | Reached XP level 4. HP: 20/30 MP: 3/7
  1994 | D:3      | Reached skill level 5 in Necromancy
  2265 | D:3      | Noticed Natasha
  2271 | D:3      | Killed Natasha
  2344 | D:3      | Noticed Natasha
  2351 | D:3      | Killed Natasha
  2352 | D:3      | Reached XP level 5. HP: 30/35 MP: 2/9
  2614 | D:3      | Noticed Natasha
  2632 | D:3      | Killed Natasha
  3024 | D:4      | Noticed an ogre
  3031 | D:4      | Killed an ogre
  3032 | D:4      | Reached skill level 1 in Fighting
  3129 | D:4      | Gained mutation: You have sharp fingernails. [demonic
                  | ancestry]
  3129 | D:4      | Reached XP level 6. HP: 33/43 MP: 4/11
  3635 | D:3      | Learned a level 3 spell: Vampiric Draining
  3640 | D:3      | Learned a level 4 spell: Animate Dead
  4009 | D:4      | Reached skill level 6 in Necromancy
  4009 | D:4      | Gained mutation: You have very sharp fingernails. [demonic
                  | ancestry]
  4009 | D:4      | Reached XP level 7. HP: 49/51 MP: 7/12
  4096 | D:4      | Found a broken altar of Ashenzari.
  4388 | D:4      | Noticed Duvessa
  4389 | D:4      | Noticed Dowan
  4473 | D:4      | Killed Duvessa
  4782 | D:5      | Entered Level 5 of the Dungeon
  5366 | D:5      | Reached XP level 8. HP: 59/59 MP: 9/14
  6060 | D:6      | Found Etwa's Book Shoppe.
  6060 | D:6      | Found Aranacyi's Antique Armour Shoppe.
  6063 | D:6      | Found Wyorph's General Store.
  6125 | D:6      | Reached skill level 7 in Necromancy
  6179 | D:6      | Found a staircase to the Ecumenical Temple.
  6187 | Temple   | Entered the Ecumenical Temple
  6213 | Temple   | Became a worshipper of Kikubaaqudgha
  6317 | D:6      | Reached skill level 5 in Spellcasting
  6542 | D:6      | Found a snail-covered altar of Cheibriados.
  6557 | D:6      | Reached skill level 5 in Dodging
  6737 | D:6      | HP: 1/61 [white imp/puff of frost (9)]
  6738 | D:6      | Killed from afar by a white imp

Illustrated notes

Levels and vault maps discovered:
D:1:      lightli_arrival_boilingwater, layout_basic
D:2:      layout_loops_corners
D:3:      layout_loops_ring, serial_aquarium, aquarium_bridge_long_joined
          [aquarium_subvault_balcony, aquarium_subvault_bridge,
          aquarium_subvault_wall, aquarium_subvault_bridge,
          aquarium_subvault_bridge, aquarium_subvault_wall],
          aquarium_bridge_straight [aquarium_subvault_bridge,
          aquarium_subvault_balcony, aquarium_subvault_bridge,
          aquarium_subvault_window], aquarium_window_2, aquarium_window_fake,
          aquarium_view_2f, aquarium_pool_corner, uniq_natasha
D:4:      layout_basic, mainiacjoe_overflow_surrounded_room, uniq_duvessa
D:5:      layout_layer_cave
D:6:      layout_basic, nicolae_tso_besieged_by_evil, general_overflow_altar,
          mainiacjoe_overflow_chevrons, minmay_temple_entry_mist,
          nicolae_shop_distant_corner_stores
Temple:   nicolae_temple_bog_church

Skill      XL: |  1  2  3  4  5  6  7  8 |
---------------+-------------------------+-----
Stealth        | 2 3 |  3.0
Dodging        | 2 3 4 5 |  5.1
Necromancy     | 5 6 7 |  7.3
Spellcasting   | 3 4 5 |  5.2
Fighting       | 1 2 3 4 |  4.5

Action                     |  1- 3 |  4- 6 |  7- 9 || total
---------------------------+-------+-------+-------++-------
  Melee: Dagger            |     1 |       |   114 ||   115
         Punch             |       |       |     5 ||     5
   Cast: Necrotise         |    55 |    95 |    94 ||   244
         Vampiric Draining |       |     1 |    22 ||    23
 Armour: Robe              |    10 |    31 |    96 ||   137
  Dodge: Dodged            |    14 |    27 |   113 ||   154
